 Dungeon Crawl Stone Soup version 0.27-a0-92-g39ad13b146 (webtiles) character file.

Game seed: 16941149266445643103

3163 dickylongcocking the Tainter (level 10, -4/71 HPs)
             Began as a Formicid Venom Mage on Jan 16, 2021.
             Was a Believer of Sif Muna.
             Slain by a water moccasin (7 damage)
             ... on level 8 of the Dungeon.
             The game lasted 00:09:17 (8580 turns).

dickylongcocking the Tainter (Formicid Venom Mage)  Turns: 8580, Time: 00:09:17

Health: -4/71      AC:  7    Str:  9 (10) XL:     10   Next: 15%
Magic:  17/30      EV: 10    Int: 17 (19) God:    Sif Muna [**....]
Gold:   456        SH:  0    Dex:  7 (9)  Spells: 11/24 levels left

rFire    . . .     SeeInvis +   e - +2 war axe (elec)
rCold    + . .     Faith    .   (no shield)
rNeg     . . .     Spirit   .   f - +0 ring mail {rPois}
rPois    +         Reflect  .   (helmet unavailable)
rElec    .         Harm     .   (no cloak)
rCorr    .         Rampage  .   j - +0 pair of gloves
Will     +....                  (no boots)
Stlth    +.........             C - amulet of magic regeneration
HPRegen  0.21/turn              d - ring of protection from cold
MPRegen  0.47/turn              o - ring of magical power

@: very slightly contaminated
A: permanent stasis, dig shafts and tunnels, four strong arms, antennae 3,
talons 1, clumsy 1, screaming 1, weak 1
a: Dig, Shaft Self, Renounce Religion, Channel Magic


You were on level 8 of the Dungeon.
You worshipped Sif Muna.
Sif Muna was pleased with you.
You visited 2 branches of the dungeon, and saw 9 of its levels.

You collected 456 gold pieces.

Inventory:

Hand Weapons
 c - a +0 short sword
 e - a +2 war axe of electrocution (weapon)
 l - a +0 whip
 t - a +0 spear
Armour
 a - a +0 robe
 f - a +0 ring mail of poison resistance (worn)
 g - a +0 leather armour
 j - a +0 pair of gloves (worn)
Jewellery
 d - a ring of protection from cold (left hand)
 o - a ring of magical power (right hand)
 u - an uncursed ring of attention
 C - an amulet of magic regeneration (around neck)
Wands
 z - a wand of flame (29)
Scrolls
 k - 2 scrolls of enchant armour {unknown}
 m - a scroll of magic mapping {unknown}
 n - 6 scrolls of remove curse
 q - a scroll of immolation {unknown}
 r - 2 scrolls of amnesia {unknown}
 w - 3 scrolls of teleportation {unknown}
 x - 6 scrolls of identify {unknown}
 y - a scroll of fog {unknown}
 D - 2 scrolls of noise {unknown}
Potions
 b - a potion of magic {unknown}
 h - 2 potions of flight
 i - 2 potions of brilliance
 p - 3 potions of curing
 v - a potion of degeneration
 A - 3 potions of haste {unknown}
 B - a potion of cancellation {unknown}


   Skills:
 * Level 3.6 Fighting
 * Level 3.9 Armour
 - Level 1.7 Dodging
 - Level 2.4 Stealth
 - Level 7.8 Spellcasting
 * Level 3.0 Conjurations
 - Level 1.1 Transmutations
 * Level 12.5 Poison Magic


You had 11 spell levels left.
You knew the following spells:

 Your Spells              Type           Power        Failure   Level
a - Sting                 Tmut/Pois      100%         1%          1
d - Olgreb's Toxic Radia  Pois           49%          1%          4
i - Ignite Poison         Fire/Tmut/Pois 22%          13%         3
p - Poisonous Vapours     Pois/Air       54%          3%          2
x - Mephitic Cloud        Conj/Pois/Air  24%          10%         3

Your spell library contained the following spells:

 Spells                   Type           Power        Failure   Level


Dungeon Overview and Level Annotations

Branches:
Dungeon (8/15)             Temple (1/1) D:4
   Lair: D:8-11

Altars:
Ashenzari
Cheibriados
Dithmenos
Elyvilon
Fedhas
Gozag
Hepliaklqana
Kikubaaqudgha
Nemelex Xobeh
Okawaru
Qazlal
Sif Muna
Trog
Uskayaw
Vehumet
Xom
Yredelemnul
Zin
The Shining One
Lugonu

Portals:
Abyss: D:6

Annotations:
D:3 3 runed translucent doors, choconana's ghost, weakling MiBe
D:6 exclusion: statue


Innate Abilities, Weirdness & Mutations

You cannot be hasted, slowed, berserked, paralysed or teleported.
You can dig through walls and to a lower floor.
Your four strong arms can wield two-handed weapons with a shield.
You have a pair of large antennae on your head. (SInv)
You have sharp toenails.
You are clumsy. (Dex -2)
You occasionally shout uncontrollably at your foes.
You are weak. (Str -2)


Message History

Unknown command.
Why would you want to do that?
Unknown command.
Unknown command.
Okay, then.
Are you sure you want to shaft yourself? [Y]es or [N]o only, please.
Are you sure you want to shaft yourself?
The water moccasin bites you but does no damage.
The water moccasin bites you.
* * * LOW HITPOINT WARNING * * *
The water moccasin bites you!
* * * LOW HITPOINT WARNING * * *
The water moccasin bites you!
* * * LOW HITPOINT WARNING * * *
You begin to dig a shaft.
You continue digging a shaft.
The wolf howls!
The water moccasin bites you but does no damage.
The water moccasin bites you!
You die...

#..# #.<# #..#
#..# ###..####
#.......#
#......##.#
........##S#######
#..._..###@Slh....
#...... #S#O†...#
#...... #.†P.....
#.##... ♣....†...
### †P.......
..P..PP.P
y...P..PP.
...hP...


You could see 3 water moccasins, a wyvern, an ogre, a wolf and a hound.

Vanquished Creatures
  Pikel (D:6)
  Prince Ribbit (D:6)
  Eustachio (D:6)
  2 wyverns (D:8)
  2 basilisks (D:8)
  A necrophage (D:5)
  A centaur (D:5)
  An ogre (D:4)
  2 wolves (D:8)
  2 lemures (D:6)
  2 bullfrogs
  A scorpion (D:7)
  6 killer bees (D:8)
  2 howler monkeys (D:7)
  A quasit (D:6)
  6 orc priests
  2 hounds
  2 jellies (D:6)
  5 orc wizards
  3 hell rats (D:7)
  2 worker ants
  A mummy (D:4)
  2 worker ant zombies
  A gnoll (D:7)
  8 adders
  7 river rats (D:7)
  2 shadow imps
  2 white imps (D:7)
  2 ufetubi
  An ooze (D:3)
  An adder zombie (D:5)
  2 adder skeletons
  3 worms
  A dart slug (D:2)
  3 leopard geckos
  25 orcs
  7 bats
  6 giant cockroaches
  A hobgoblin (D:1)
  4 kobolds
  11 quokkas
  A ball python (D:2)
  4 frilled lizards
  6 goblins
  A jackal skeleton (D:4)
  19 rats
167 creatures vanquished.

Vanquished Creatures (others)
  A fungus (D:8)
  A lurking horror (D:6)
  8 plants (D:8)
10 creatures vanquished.

Grand Total: 177 creatures vanquished

Notes
Turn   | Place    | Note
-------+----------+-------------------------------------------
     0 | D:1      | dickylongcocking the Formicid Venom Mage began the quest
                  | for the Orb.
     0 | D:1      | Reached XP level 1. HP: 13/13 MP: 3/3
   509 | D:1      | Reached XP level 2. HP: 19/19 MP: 3/5
  1348 | D:2      | Reached skill level 1 in Armour
  1367 | D:2      | Reached XP level 3. HP: 8/24 MP: 0/6
  1654 | D:2      | Reached skill level 5 in Poison Magic
  1858 | D:2      | Learned a level 2 spell: Poisonous Vapours
  2244 | D:3      | Reached XP level 4. HP: 23/30 MP: 1/7
  2610 | D:3      | Found a runed translucent gate.
  2611 | D:3      | Found a runed translucent gate.
  2612 | D:3      | Found a runed translucent gate.
  2612 | D:3      | Noticed choconana's ghost (weakling MiBe)
  2612 | D:3      | Noticed a big kobold
  2613 | D:3      | Noticed a big kobold
  2615 | D:3      | Identified the cursed +1 dagger of Unreason {drain, rElec
                  | Dex+2 Stlth+}
  2726 | D:3      | Reached skill level 6 in Poison Magic
  2875 | D:3      | Noticed a bullfrog
  2881 | D:3      | Killed a bullfrog
  2882 | D:3      | Reached skill level 7 in Poison Magic
  2882 | D:3      | Reached XP level 5. HP: 30/35 MP: 8/8
  2887 | D:3      | Learned a level 4 spell: Olgreb's Toxic Radiance
  3475 | D:4      | Reached XP level 6. HP: 41/41 MP: 10/10
  3510 | D:4      | Reached skill level 8 in Poison Magic
  4078 | D:4      | Found a staircase to the Ecumenical Temple.
  4089 | Temple   | Entered the Ecumenical Temple
  4325 | Temple   | Became a worshipper of Sif Muna the Loreminder
  4362 | D:4      | Noticed an ogre
  4367 | D:4      | Reached XP level 7. HP: 44/46 MP: 12/13
  4659 | D:4      | Found a blossoming altar of Fedhas.
  5090 | D:4      | Found a snail-covered altar of Cheibriados.
  5127 | D:5      | Entered Level 5 of the Dungeon
  5172 | D:5      | Learned a level 3 spell: Ignite Poison
  5218 | D:5      | Gained mutation: You occasionally shout uncontrollably at
                  | your foes. [potion of mutation]
  5218 | D:5      | Gained mutation: You are clumsy. (Dex -2) [potion of
                  | mutation]
  5218 | D:5      | Gained mutation: You are weak. (Str -2) [potion of
                  | mutation]
  5218 | D:5      | Gained mutation: You have sharp toenails. [potion of
                  | mutation]
  5233 | D:5      | Reached skill level 9 in Poison Magic
  5295 | D:5      | Found a stormy altar of Qazlal.
  5511 | D:5      | Noticed a +0 hand axe
  5511 | D:5      | Noticed a +0 dagger
  5512 | D:5      | Found a hide-covered altar of Uskayaw.
  5581 | D:5      | Reached skill level 5 in Spellcasting
  5581 | D:5      | Reached XP level 8. HP: 35/52 MP: 12/15
  6128 | D:6      | Noticed Prince Ribbit
  6131 | D:6      | Killed Prince Ribbit
  6132 | D:6      | Reached skill level 10 in Poison Magic
  6436 | D:6      | Found an iron altar of Okawaru.
  6437 | D:6      | Found a bloodstained altar of Trog.
  6538 | D:6      | Reached * piety under Sif Muna
  6574 | D:6      | Found a corrupted altar of Lugonu.
  6577 | D:6      | Found a radiant altar of Vehumet.
  6579 | D:6      | Noticed Pikel
  6582 | D:6      | Found a one-way gate to the infinite horrors of the Abyss.
  6582 | D:6      | Noticed Eustachio
  6584 | D:6      | Killed Pikel
  6585 | D:6      | Reached skill level 11 in Poison Magic
  6585 | D:6      | Reached XP level 9. HP: 44/57 MP: 16/19
  6602 | D:6      | Killed Eustachio
  7179 | D:6      | Learned a level 3 spell: Mephitic Cloud
  7655 | D:7      | Reached skill level 1 in Fighting
  7757 | D:7      | Found a stormy altar of Qazlal.
  7938 | D:7      | Reached ** piety under Sif Muna
  7945 | D:7      | Reached skill level 1 in Conjurations
  8543 | D:8      | Found a glowing golden altar of the Shining One.
  8572 | D:8      | Reached skill level 12 in Poison Magic
  8574 | D:8      | Reached XP level 10. HP: 45/70 MP: 16/21
  8579 | D:8      | HP: 3/71 [water moccasin (7)]
  8580 | D:8      | Slain by a water moccasin

Illustrated notes

Levels and vault maps discovered:
D:1:      erik_arrival_blinker_ship, layout_basic, solitary_fountain,
          chequers_serial_rivers_small_3, chequers_serial_rivers_large_a
D:2:      layout_loops_cross, hangedman_decor_clover_reticule
D:3:      layout_loops_ring, gammafunk_ghost_nasty_kobolds
D:4:      layout_basic, fedhas_altar_4, minmay_temple_entry_sparse_star,
          minmay_misc_feat_cross, chei_slow_surprise
D:5:      layout_gridville, nicolae_overflow_crystal_walls,
          dancing_weapons_uskayaw
D:6:      layout_basic, vehumet_statue, grunt_temple_overflow_bloody_war,
          amcnicky_altar_lugonu_corruption, uniq_prince_ribbit1, uniq_eustachio,
          uniq_pikel
D:7:      lemuel_ratsnest, layout_basic, hangedman_abyss_or_decor_passed,
          lemuel_altar_in_water
D:8:      layout_loops_ring, gammafunk_temple_overflow_elements,
          minmay_lair_entry_grove, basic_altar, serial_shops, shop,
          kennysheep_little_box, shop, kennysheep_generic_room_5, uniq_psyche
Temple:   oiseaux_autumnal_temple

Skill      XL: |  1  2  3  4  5  6  7  8  9 10 |
---------------+-------------------------------+-----
Armour         | 1 3 |  3.9
Poison Magic   | 5 7 8 9 11 12 | 12.5
Spellcasting   | 4 5 7 |  7.8
Fighting       | 3 |  3.6
Conjurations   | 2 3 |  3.0
Dodging        | |  1.7
Stealth        | |  2.4
Transmutations | |  1.1

Action                   |  1- 3 |  4- 6 |  7- 9 | 10-12 || total
-------------------------+-------+-------+-------+-------++-------
Melee: Short sword       |    20 |       |       |       ||    20
       Whip              |     7 |     1 |       |       ||     8
       Spear             |       |    39 |    45 |       ||    84
       Kick              |       |       |    10 |     1 ||    11
       War axe           |       |       |    32 |     2 ||    34
 Cast: Sting             |    42 |     7 |    19 |       ||    68
       Poisonous Vapours |    10 |    16 |       |       ||    26
       Olgreb's Toxic Ra |       |    16 |    46 |       ||    62
       Ignite Poison     |       |       |    30 |       ||    30
       Mephitic Cloud    |       |       |     2 |       ||     2
 Abil: Dig               |       |       |     2 |       ||     2
       Shaft Self        |       |       |       |     1 ||     1
Evoke: Wand              |       |       |     3 |       ||     3
  Use: Potion            |       |       |     8 |     2 ||    10
       Scroll            |       |       |     1 |       ||     1
 Stab: Sleeping          |     1 |       |       |       ||     1
Armor: Leather armour    |    12 |     8 |    13 |       ||    33
       Robe              |     1 |       |       |       ||     1
       Ring mail         |       |       |    23 |     5 ||    28
Dodge: Dodged            |    36 |    29 |    68 |     6 ||   139

Table legend: (Time is in decaauts)
 A = Elapsed time spent in this place.
 B = Non-inter-level travel time spent in this place.
 C = Inter-level travel time spent in this place.
 D = Time resting spent in this place.
 E = Time spent auto-exploring this place.
 F = Levels seen in this place.
 G = Mean time per level.
                   A        B        C        D        E       F      G
               +--------+--------+--------+--------+--------+-----+--------+
         Total |   8624 |   8340 |    284 |   1008 |   6183 |   9 |  958.2 |
       Dungeon |   8364 |   8095 |    269 |   1008 |   5980 |   8 | 1045.5 |
        Temple |    260 |    245 |     15 |      0 |    203 |   1 |  260.0 |
               +--------+--------+--------+--------+--------+-----+--------+

Top non-repeatable levels by time:
     D:4: 1480 daAuts
     D:7: 1352 daAuts
     D:3: 1253 daAuts
     D:1: 1196 daAuts
     D:6: 1075 daAuts
     D:5: 1004 daAuts
     D:2: 963 daAuts
  Temple: 260 daAuts
     D:8: 38 daAuts
